Unix NetHack Version 3.7.0-90 Work-in-progress - last build Dec 4 2023 15:25:40 (a4ad6ea61a8c493010e15c9251bbb19a34919cb7,branch:master). Game began 2023-12-11 07:52:59, ended 2023-12-11 08:04:53. wvc, neutral male human Barbarian ---- ---------..-- |.....).....| | --.<--....| -----....| --..---- |...--- --....| ----.--- |..%----- ---..)).| --- -----.---^... ---.....- -------.[...--- --.|.--.%....| |...........-- --.......@.-- -----.---.| --- --- Wvc the Pillager St:18 Dx:17 Co:18 In:7 Wi:11 Ch:6 Neutral S:4037 Dlvl:5 $:2565 HP:0(51) Pw:16(16) AC:6 Xp:5/313 T:2069 Hungry Latest messages: You smite the gnome lord! The gnome lord hits! You kill the gnome lord! You hear a chugging sound. The gnome hits! You kill the gnome! The gnome lord throws a dart! The dart slips as the gnome lord throws it! What do you want to use or apply? [esuyGIK or ?*] ? You produce a strange whistling sound. The little dog appears next to you! The gnome lord throws a dart! The dart slips as the gnome lord throws it! The gnome lord hits! You smite the gnome lord! The gnome lord hits! You feel more confident in your weapon skills. (Use the #enhance command to advance them.) You kill the gnome lord! You are now more skilled in two-handed sword. You are beginning to feel hungry. Q - a green gem. You see here a dart. The gnome is almost hit by an arrow! The gnome picks up an arrow. The gnome hits! You kill the gnome! You see here a candle. R - a candle. You hear some noises in the distance. The dingo bites! You miss the dingo. The dingo just misses! You smite the dingo! The dingo bites! You miss the dingo. The dingo bites! The dingo bites! You kill the dingo! You see here a dingo corpse. You hear crashing rock. You see here a dingo corpse. What do you want to zap? [sI or ?*] ? In what direction? k You kill the dwarf! The bolt of cold bounces! The bolt of cold hits you! You die... Do you want your possessions identified? [ynq] (y) y Do you want to see your attributes? [ynq] (y) q Inventory: Coins ('$') $ - 2565 gold pieces Weapons (')') a - a +0 two-handed sword (weapon in hands) Armor ('[') r - an uncursed +0 pair of water walking boots (being worn) M - a cursed -1 dwarvish cloak c - an uncursed +0 ring mail (being worn) Comestibles ('%') d - 5 uncursed food rations q - 2 uncursed lichen corpses Scrolls ('?') z - an uncursed scroll of create monster x - an uncursed scroll of destroy armor O - an uncursed scroll of identify o - 2 uncursed scrolls of remove curse Spellbooks ('+') K - an uncursed spellbook of identify Potions ('!') H - an uncursed potion of confusion i - 2 uncursed potions of healing v - an uncursed potion of monster detection n - 2 uncursed potions of object detection h - an uncursed potion of see invisible J - an uncursed potion of speed Rings ('=') m - an uncursed -1 ring of adornment B - an uncursed ring of searching Wands ('/') I - a wand of cold (0:2) s - a wand of digging (0:3) Tools ('(') G - an uncursed leather drum y - an uncursed magic whistle u - a cursed mirror R - an uncursed tallow candle e - an uncursed tin whistle Gems/Stones ('*') f - an uncursed aquamarine stone N - an uncursed worthless piece of blue glass Q - an uncursed worthless piece of green glass C - 2 uncursed worthless pieces of orange glass P - 2 uncursed worthless pieces of white glass Wvc the Barbarian's attributes: Background: You were a Pillager, a level 5 male human Barbarian. You were neutral, nominally on a mission for Crom who was opposed by Mitra (lawful) and Set (chaotic). You were right-handed. You were in the Gnomish Mines, on level 5. You entered the dungeon 2069 turns ago. There was a new moon in effect when your adventure ended. You had 313 experience points, 7 more were needed to attain level 6. Your score was 4037 before end-of-game adjustments. Basics: You had 0 out of 51 hit points. You had all 16 energy points (spell power). Your armor class was 6. Your wallet contained 2565 zorkmids. Autopickup was on for '$!"?=' plus thrown. Final Characteristics: Your strength was 18 (limit:18/100). Your dexterity was 17 (limit:18). Your constitution was 18 (limit:18). Your intelligence was 7 (limit:18). Your wisdom was 11 (limit:18). Your charisma was 6 (limit:18). Final Status: You were hungry. You were unencumbered. You were wielding a two-handed sword. You were skilled in two-handed sword. Final Attributes: You were piously aligned. You were poison resistant. You could walk on water. You were warded. You are dead. Miscellaneous: You never encountered a bones level. Total elapsed playing time was 11 minutes and 54 seconds. Major events: Turn 1: wvc the neutral male human Barbarian entered the dungeon 740: attained the rank of Pillager (level 3) 1516: entered the Gnomish Mines 2069: killed by a bolt of cold zapped by himself Vanquished creatures: a dingo 4 gnome leaders a kobold mummy a giant ant 3 dwarves 2 giant bats an iguana a hobbit a hobgoblin 2 giant rats 14 gnomes a gecko 8 jackals a kobold 3 goblins 6 grid bugs 4 lichens 4 newts 58 creatures vanquished. No species were genocided or became extinct. Voluntary challenges: You were an atheist. You read items or engraved 2 times. You never engraved Elbereth. You never genocided any monsters. You never polymorphed an object. You never changed form. You used no wishes. Achievements: You attained the rank of Pillager. You entered a shop. You entered the Gnomish Mines. The Dungeons of Doom: levels 1 to 4 Level 1: Level 2: Some fountains, a sink. Level 3: A general store. Stairs down to The Gnomish Mines. Level 4: "vault" The Gnomish Mines: levels 4 to 5 Level 4: Level 5: <- You were here. Final resting place for you, killed by a bolt of cold zapped by yourself. Game over: ---------- / \ / REST \ / IN \ / PEACE \ / \ | wvc | | 2565 Au | | killed by a bolt | | of cold zapped | | by himself | | | | 2023 | *| * * * | * _________)/\\_//(\/(/\)/\//\/|_)_______ Goodbye wvc the Barbarian... You died in The Gnomish Mines on dungeon level 5 with 3781 points, and 2565 pieces of gold, after 2069 moves. You were level 5 with a maximum of 51 hit points when you died.